NYP
TRI-CITY DUST DEVILS @ BATAVIA MUCKDOGS
07/08/2048
 
TOP OF THE 1ST
Tri-City Dust Devils batting - Pitching for Batavia Muckdogs : RHP Mike Shields
Pitching: RHP Mike Shields
Batting: LHB Ramon Vega 0-0: Ball
1-0: Ground out 1-3 (Groundball, 13S, EV 66.2 MPH)
Batting: LHB Phil Lerner 0-0: Ball
1-0: Called Strike
1-1: Ball
2-1: SINGLE (Groundball, 3D, EV 106.2 MPH)
Batting: RHB Mike MacLeod 0-0: Ball
1-0: Foul Ball, location: 2F
1-1: Swinging Strike
1-2: Foul Ball, location: 2F
1-2: Strikes out swinging
Batting: SHB Isaiah Scates 0-0: Foul Ball, location: 2F
0-1: Ground out U3 (Groundball, 3L, EV 86.2 MPH)
Top of the 1st over - 0 runs, 1 hit, 0 errors, 1 left on base; Tri-City 0 - Batavia 0
BOTTOM OF THE 1ST
Batavia Muckdogs batting - Pitching for Tri-City Dust Devils : RHP Roger Watkins
Pitching: RHP Roger Watkins
Batting: SHB Justin Corbett 0-0: Ball
1-0: Called Strike
1-1: Foul Ball, location: 2F
1-2: Ball
2-2: Ball
3-2: Strikes out swinging
Batting: LHB Danny Treto 0-0: Ball
1-0: Called Strike
1-1: Swinging Strike
1-2: Ball
2-2: Ball
3-2: Ground out 5-3 (Groundball, 56, EV 80.6 MPH)
Batting: RHB Reomel Somera 0-0: Ball
1-0: Foul Ball, location: 2F
1-1: Foul Ball, location: 2F
1-2: Ball
2-2: Ball
3-2: Foul Ball, location: 2F
3-2: Strikes out looking
Bottom of the 1st over - 0 runs, 0 hits, 0 errors, 0 left on base; Tri-City 0 - Batavia 0
TOP OF THE 2ND
Tri-City Dust Devils batting - Pitching for Batavia Muckdogs : RHP Mike Shields
Batting: RHB Hector Fernandez 0-0: Fly out, F8 (Flyball, 8LS, EV 82.5 MPH)
Batting: RHB Eric McMillian 0-0: Ball
1-0: Called Strike
1-1: Fly out, F3 (Popup, 3S, EV 73.8 MPH)
Batting: RHB Frank Elizondo 0-0: Ball
1-0: Swinging Strike
1-1: Ground out 5-3 (Groundball, 5, EV 90.6 MPH)
Top of the 2nd over - 0 runs, 0 hits, 0 errors, 0 left on base; Tri-City 0 - Batavia 0
BOTTOM OF THE 2ND
Batavia Muckdogs batting - Pitching for Tri-City Dust Devils : RHP Roger Watkins
Batting: RHB Justin Dunham 0-0: Called Strike
0-1: Ball
1-1: Ball
2-1: Foul Ball, location: 2F
2-2: Strikes out swinging
Batting: SHB Greg Rivera 0-0: Ball
1-0: Ball
2-0: Ball
3-0: Called Strike
3-1: Called Strike
3-2: DOUBLE (Line Drive, 89D, EV 88.8 MPH)
Batting: RHB George Boivin 0-0: Foul Ball, location: 2F
0-1: Ball
1-1: SINGLE (Groundball, 4MD, EV 109.4 MPH)
Greg Rivera to third
Runner from 3rd tries for Home, throw by CF and OUT! 8-2
George Boivin to second
Batting: RHB Andy Kelly 0-0: Ball
1-0: Ball
2-0: Called Strike
2-1: Ball
3-1: Swinging Strike
3-2: Fly out, F8 (Flyball, 8RXD, EV 106.9 MPH)
Bottom of the 2nd over - 0 runs, 2 hits, 0 errors, 1 left on base; Tri-City 0 - Batavia 0
TOP OF THE 3RD
Tri-City Dust Devils batting - Pitching for Batavia Muckdogs : RHP Mike Shields
Batting: RHB Max Stillo 0-0: Called Strike
0-1: Fly out, F7 (Line Drive, 7D, EV 101.9 MPH)
Batting: RHB Shane Bruce 0-0: Foul Ball, location: 2F
0-1: Ball
1-1: Ball
2-1: Swinging Strike
2-2: Strikes out swinging
Batting: LHB Ramon Vega 0-0: Called Strike
0-1: Ball
1-1: Ball
2-1: Called Strike
2-2: Ground out 1-3 (Groundball, 13S, EV 74.4 MPH)
Top of the 3rd over - 0 runs, 0 hits, 0 errors, 0 left on base; Tri-City 0 - Batavia 0
BOTTOM OF THE 3RD
Batavia Muckdogs batting - Pitching for Tri-City Dust Devils : RHP Roger Watkins
Batting: RHB Hiromitsu Yamada 0-0: Swinging Strike
0-1: Ground out U3 (Groundball, 3S, EV 61.2 MPH)
Batting: RHB Jeremy Dennis 0-0: Ball
1-0: Called Strike
1-1: Ball
2-1: Foul Ball, location: 2F
2-2: Ball
3-2: Strikes out swinging
Batting: SHB Justin Corbett 0-0: Ball
1-0: Called Strike
1-1: Ball
2-1: Called Strike
2-2: Ball
3-2: Strikes out swinging
Bottom of the 3rd over - 0 runs, 0 hits, 0 errors, 0 left on base; Tri-City 0 - Batavia 0
TOP OF THE 4TH
Tri-City Dust Devils batting - Pitching for Batavia Muckdogs : RHP Mike Shields
Batting: LHB Phil Lerner 0-0: Called Strike
0-1: Foul Ball, location: 2F
0-2: Hit by Pitch
Batting: RHB Mike MacLeod 0-0: Ball
1-0: Called Strike
1-1: Swinging Strike
1-2: Ball
2-2: Ball
Balk!
Phil Lerner to second
3-2: Strikes out swinging
Batting: SHB Isaiah Scates 0-0: Ball
1-0: Foul Ball, location: 2F
1-1: SINGLE (Groundball, 6MD, EV 108.8 MPH)
Phil Lerner to third
Runner from 3rd tries for Home, SAFE, throw by CF to home
Batting: RHB Hector Fernandez Pickoff Throw to First - Out! 1-3
0-0: Called Strike
0-1: Ball
1-1: Ball
2-1: Swinging Strike
2-2: Foul Ball, location: 2F
2-2: Ball
3-2: Strikes out looking
Top of the 4th over - 1 run, 1 hit, 0 errors, 0 left on base; Tri-City 1 - Batavia 0
BOTTOM OF THE 4TH
Batavia Muckdogs batting - Pitching for Tri-City Dust Devils : RHP Roger Watkins
Batting: LHB Danny Treto 0-0: Ball
1-0: Foul Ball, location: 2F
1-1: Foul Ball, location: 2F
1-2: Strikes out swinging
Batting: RHB Reomel Somera 0-0: Swinging Strike
0-1: Ball
1-1: Called Strike
1-2: Foul Ball, location: 2F
1-2: Strikes out looking
Batting: RHB Justin Dunham 0-0: Swinging Strike
0-1: Swinging Strike
0-2: Strikes out swinging
Bottom of the 4th over - 0 runs, 0 hits, 0 errors, 0 left on base; Tri-City 1 - Batavia 0
TOP OF THE 5TH
Tri-City Dust Devils batting - Pitching for Batavia Muckdogs : RHP Mike Shields
Batting: RHB Eric McMillian 0-0: Swinging Strike
0-1: Ground out 6-3 (Groundball, 6M, EV 82.5 MPH)
Batting: RHB Frank Elizondo 0-0: Ball
1-0: Called Strike
1-1: Foul Ball, location: 2F
1-2: Fly out, F8 (Flyball, 8RD, EV 106.2 MPH)
Batting: RHB Max Stillo 0-0: Called Strike
0-1: Called Strike
0-2: Strikes out looking
Top of the 5th over - 0 runs, 0 hits, 0 errors, 0 left on base; Tri-City 1 - Batavia 0
BOTTOM OF THE 5TH
Batavia Muckdogs batting - Pitching for Tri-City Dust Devils : RHP Roger Watkins
Batting: SHB Greg Rivera 0-0: DOUBLE (Line Drive, 8RD, EV 108.8 MPH)
Batting: RHB George Boivin 0-0: Ground out 5-3 (Groundball, 56, EV 98.8 MPH)
Batting: RHB Andy Kelly 0-0: Ball
1-0: Ball
2-0: Foul Ball, location: 2F
2-1: Ball
3-1: DOUBLE (Line Drive, 5D, EV 100.0 MPH)
Greg Rivera scores
Batting: RHB Hiromitsu Yamada 0-0: Ball
1-0: Ball
2-0: Ball
3-0: Called Strike
3-1: Base on Balls
Batting: RHB Jeremy Dennis 0-0: Called Strike
0-1: Swinging Strike
0-2: Foul Ball, location: 2F
0-2: Foul Ball, location: 2F
0-2: Fly out, F7 (Flyball, 7S, EV 95.6 MPH)
Batting: SHB Justin Corbett 0-0: Foul Ball, location: 2F
0-1: Ball
1-1: SINGLE (Flyball, 56D, EV 92.5 MPH)
Andy Kelly to third
Hiromitsu Yamada to second
Runner from 3rd tries for Home, throw by LF and OUT! 7-2
Bottom of the 5th over - 1 run, 3 hits, 0 errors, 2 left on base; Tri-City 1 - Batavia 1
TOP OF THE 6TH
Tri-City Dust Devils batting - Pitching for Batavia Muckdogs : RHP Mike Shields
Batting: RHB Shane Bruce 0-0: Ball
1-0: Fly out, F8 (Flyball, 8LD, EV 90.0 MPH)
Batting: LHB Ramon Vega 0-0: Ball
1-0: Foul Ball, location: 2F
1-1: Foul Ball, location: 2F
1-2: Ground out 5-3 (Groundball, 56, EV 103.8 MPH)
Batting: LHB Phil Lerner 0-0: Ball
1-0: Foul Ball, location: 2F
1-1: Foul Ball, location: 2F
1-2: Ball
2-2: Foul Ball, location: 2F
2-2: Ball
3-2: Fly out, F7 (Line Drive, 7, EV 92.5 MPH)
Top of the 6th over - 0 runs, 0 hits, 0 errors, 0 left on base; Tri-City 1 - Batavia 1
BOTTOM OF THE 6TH
Batavia Muckdogs batting - Pitching for Tri-City Dust Devils : RHP Roger Watkins
Batting: LHB Danny Treto 0-0: Ball
1-0: Swinging Strike
1-1: Ball
2-1: Swinging Strike
2-2: Foul Ball, location: 2F
2-2: Ball
3-2: Strikes out swinging
Batting: RHB Reomel Somera 0-0: Fly out, F9 (Line Drive, 89S, EV 91.9 MPH)
Batting: RHB Justin Dunham 0-0: Ground out 6-3 (Groundball, 6, EV 79.4 MPH)
Bottom of the 6th over - 0 runs, 0 hits, 0 errors, 0 left on base; Tri-City 1 - Batavia 1
TOP OF THE 7TH
Tri-City Dust Devils batting - Pitching for Batavia Muckdogs : RHP Mike Shields
Batting: RHB Mike MacLeod 0-0: Called Strike
0-1: Foul Ball, location: 2F
0-2: Foul Ball, location: 2F
0-2: Foul Ball, location: 2F
0-2: Ball
1-2: DOUBLE (Line Drive, 7LM, EV 105.0 MPH)
Batting: SHB Isaiah Scates 0-0: Ball
Wild Pitch!
Mike MacLeod to third
1-0: Ball
2-0: Called Strike
2-1: Ball
3-1: Called Strike
3-2: SINGLE (Groundball, 4D, EV 97.5 MPH)
Mike MacLeod scores
Batting: RHB Hector Fernandez 0-0: Fly out, F7 (Line Drive, 7S, EV 85.0 MPH)
Batting: RHB Eric McMillian 0-0: Called Strike
0-1: Ball
1-1: Ball
2-1: Foul Ball, location: 2F
2-2: Strikes out swinging
Batting: RHB Frank Elizondo 0-0: Swinging Strike
0-1: Called Strike
0-2: Strikes out swinging
Top of the 7th over - 1 run, 2 hits, 0 errors, 1 left on base; Tri-City 2 - Batavia 1
BOTTOM OF THE 7TH
Batavia Muckdogs batting - Pitching for Tri-City Dust Devils : RHP Roger Watkins
Batting: SHB Greg Rivera 0-0: Ball
1-0: Foul Ball, location: 2F
1-1: Foul Ball, location: 2F
1-2: Strikes out looking
Batting: RHB George Boivin 0-0: Called Strike
0-1: Foul Ball, location: 2F
0-2: Ball
1-2: Ball
2-2: Fly out, F7 (Flyball, 7LS, EV 75.0 MPH)
Batting: RHB Andy Kelly 0-0: Foul Ball, location: 2F
0-1: Ball
1-1: Ball
2-1: Called Strike
2-2: Strikes out looking
Bottom of the 7th over - 0 runs, 0 hits, 0 errors, 0 left on base; Tri-City 2 - Batavia 1
TOP OF THE 8TH
Tri-City Dust Devils batting - Pitching for Batavia Muckdogs : RHP Mike Shields
Batting: RHB Max Stillo 0-0: Ball
1-0: Called Strike
1-1: Ball
2-1: Fly out, F7 (Flyball, 78M, EV 74.4 MPH)
Batting: RHB Shane Bruce 0-0: Ball
1-0: Foul Ball, location: 2F
1-1: Foul Ball, location: 2F
1-2: Ball
2-2: Strikes out looking
Batting: LHB Ramon Vega 0-0: Foul Ball, location: 2F
0-1: Foul Ball, location: 2F
0-2: Fly out, F8 (Line Drive, 8RM, EV 98.1 MPH)
Top of the 8th over - 0 runs, 0 hits, 0 errors, 0 left on base; Tri-City 2 - Batavia 1
BOTTOM OF THE 8TH
Batavia Muckdogs batting - Pitching for Tri-City Dust Devils : RHP Roger Watkins
Pitching: RHP Hisatada Sekiguchi
Batting: RHB Hiromitsu Yamada 0-0: Ball
1-0: Ball
2-0: Swinging Strike
2-1: Foul Ball, location: 2F
2-2: Strikes out swinging
Pinch Hitting: RHB Jim Fisher 0-0: Ball
1-0: Foul Ball, location: 2F
1-1: Ball
2-1: Foul Ball, location: 2F
2-2: Fly out, F4 (Popup, 3S, EV 91.9 MPH)
Batting: SHB Justin Corbett 0-0: Ball
1-0: Foul Ball, location: 2F
1-1: Fly out, F9 (Flyball, 89S, EV 94.4 MPH)
Bottom of the 8th over - 0 runs, 0 hits, 0 errors, 0 left on base; Tri-City 2 - Batavia 1
TOP OF THE 9TH
Tri-City Dust Devils batting - Pitching for Batavia Muckdogs : RHP Mike Shields
Pitching: RHP Glen Patterson
Now at 1B: Jason Thrash
Now at 2B: Justin Dunham
Batting: LHB Phil Lerner 0-0: Ball
1-0: Called Strike
1-1: Called Strike
1-2: Foul Ball, location: 2F
1-2: Ball
2-2: Fly out, F7 (Flyball, 7S, EV 81.9 MPH)
Batting: RHB Mike MacLeod 0-0: Called Strike
0-1: Swinging Strike
0-2: Strikes out swinging
Batting: SHB Isaiah Scates 0-0: Called Strike
0-1: Swinging Strike
0-2: Strikes out swinging
Top of the 9th over - 0 runs, 0 hits, 0 errors, 0 left on base; Tri-City 2 - Batavia 1
BOTTOM OF THE 9TH
Batavia Muckdogs batting - Pitching for Tri-City Dust Devils : RHP Hisatada Sekiguchi
Pitching: RHP Josh Mott
Now at 3B: Ed Oake
Batting: LHB Danny Treto 0-0: Foul Ball, location: 2F
0-1: Ball
1-1: Swinging Strike
1-2: Ball
2-2: Ball
3-2: Base on Balls
Batting: RHB Reomel Somera 0-0: Ball
1-0: Called Strike
1-1: Ball
2-1: Fly out, F7 (Flyball, 7S, EV 88.8 MPH)
Batting: RHB Justin Dunham 0-0: Ball
1-0: Ball
2-0: Foul Ball, location: 2F
2-1: Foul Ball, location: 2F
2-2: Grounds into double play, 5-4-3 (Groundball, 56, EV 83.8 MPH)
Bottom of the 9th over - 0 runs, 0 hits, 0 errors, 0 left on base; Tri-City 2 - Batavia 1
Tuesday, March 28th , 2023 - OOTP Baseball 23.10 Build 110